 Dungeon Crawl Stone Soup version 0.32-a0-702-gc29ba85809 (webtiles) character file.

Game seed: 10475825733057242231

32 Nattfarinn the Grave Robber (level 3, -3/31 HPs)
             Began as a Mountain Dwarf Necromancer on Mar 14, 2024.
             Slain by Terence
             ... wielding a +0 flail
              (8 damage)
             ... on level 2 of the Dungeon.
             The game lasted 00:02:05 (1105 turns).

Nattfarinn the Grave Robber (MDNe)                  Turns: 1105, Time: 00:02:06

Health: -3/31      AC:  3    Str: 12    XL:     3   Next: 10%
Magic:  0/5        EV: 10    Int: 15    God:
Gold:   26         SH:  0    Dex: 10    Spells: 4/5 levels left

rFire   . . .        (no weapon)
rCold   . . .        (no shield)
rNeg    . . .        e - +0 leather armour
rPois   .            (no helmet)
rElec   .            (no cloak)
rCorr   .            (no gloves)
SInv    .            (no boots)
Will    .....        (no amulet)
Stlth   +            (no ring)
HPRegen 0.25/turn    (no ring)
MPRegen 0.09/turn

%: no passive effects
@: no status effects
A: runic magic, artefact enchanting
a: no special abilities


You were on level 2 of the Dungeon.
You visited 1 branch of the dungeon, and saw 2 of its levels.

You collected 26 gold pieces.

Inventory:

Armour
 a - a +0 robe
 e - a +0 leather armour (worn)
Scrolls
 c - a scroll of identify {unknown}
Potions
 b - a potion of magic
 d - a potion of degeneration {unknown}
 f - a potion of curing {unknown}


   Skills:
 + Level 3.1 Fighting
 - Level 1.3 Dodging
 - Level 1.4 Stealth
 - Level 1.7 Spellcasting
 - Level 4.3 Necromancy


You had 4 spell levels left.
You knew the following spells:

 Your Spells              Type           Power      Damage    Failure   Level
a - Necrotise             Necr           56%        1d6       4%          1

Your spell library contained the following spells:

 Spells                   Type           Power      Damage    Failure   Level
 Vampiric Draining        Necr           14%        2d7       12%         3
 Animate Dead             Necr           14%        N/A       36%         4
 Curse of Agony           Necr           14%        N/A       73%         5


Dungeon Overview and Level Annotations

Branches:
Dungeon (2/15)

Altars:

Annotations:
D:2 Terence


Innate Abilities, Weirdness & Mutations

Your spellcasting is much less encumbered by armour.
You can use scrolls of enchantment on lesser artefacts.


Message History

Terence shouts!
Terence writhes in agony.
Terence screams, "I'm going to kill you!"
Terence barely resists.
Terence writhes in agony.
Terence barely resists.
Terence misses you.
Terence writhes in agony.
Terence hits you with a +0 flail.
You are out of magic!
You are out of magic!
You are out of magic!
You are out of magic!
You hit Terence.
Terence is heavily wounded.
Terence hits you but does no damage.
You hit Terence.
Terence is heavily wounded.
Terence hits you with a +0 flail!
You closely miss Terence.
Terence is heavily wounded.
Terence hits you with a +0 flail!
You closely miss Terence.
Terence is heavily wounded.
Terence hits you with a +0 flail!
* * * LOW HITPOINT WARNING * * *
You hit Terence but do no damage.
Terence is heavily wounded.
Terence hits you with a +0 flail.
* * * LOW HITPOINT WARNING * * *
You completely miss Terence.
Terence is heavily wounded.
Terence shouts, "Now you die!" Terence barely misses you.
Casting: Necrotise (safe; 4% risk of failure)
Confirm with . or Enter, or press ? or * to list all spells.
Aiming: Necrotise (safe; 4% risk of failure)
Press: ? - help, Shift-Dir - straight line, f/p - Terence
Aim: Terence, wielding a +0 flail and wearing a +0 scale mail (heavily wounded, chance to affect: 78%) Terence writhes in agony.
Terence hits you with a +0 flail!
You die...
Terence says, "That felt goooood."

#.#
#.......#
##.##
#)......#
##...##
######....
#.#.#.#
....#
#...#.#
###.#
#..##.#
##...##
#(######...
#..@@r...#
##########


You could see Terence and a quokka.

Vanquished Creatures
  2 dart slugs (D:1)
  4 ball pythons
  A bat (D:1)
  2 endoplasms (D:1)
  A goblin (D:1)
  2 hobgoblins
  3 kobolds (D:1)
  3 quokkas (D:1)
  2 frilled lizards (D:1)
  4 rats (D:1)
24 creatures vanquished.

Vanquished Creatures (collateral kills)
  A dart slug (D:2)
1 creature vanquished.

Grand Total: 25 creatures vanquished

Notes
Turn   | Place    | Note
-------+----------+-------------------------------------------
     0 | D:1      | Nattfarinn the Mountain Dwarf Necromancer began the quest
                  | for the Orb.
     0 | D:1      | Reached XP level 1. HP: 14/14 MP: 3/3
   140 | D:1      | Reached skill level 1 in Fighting
   283 | D:1      | Reached XP level 2. HP: 24/24 MP: 1/4
   954 | D:2      | Reached XP level 3. HP: 27/31 MP: 2/5
  1092 | D:2      | Noticed Terence
  1105 | D:2      | Slain by Terence

Illustrated notes

Levels and vault maps discovered:
D:1:      evilmike_arrival_home_sweet_home, layout_basic, minmay_fountain_box,
          st_stairs_1, hex_intersection, minmay_tripent
D:2:      layout_loops_cross, ebering_ecumenical_altar_mist, minmay_domino_4,
          uniq_sigmund, uniq_terence

Skill      XL: |  1  2 |
---------------+-------+-----
Fighting       | 1 3 |  3.1
Dodging        | |  1.3
Stealth        | |  1.4
Spellcasting   | |  1.7
Necromancy     | |  4.3

Action                     || total
---------------------------++-------
  Melee: Unarmed           ||    52
   Cast: Necrotise         ||    50
 Armour: Robe              ||    17
         Leather armour    ||    11
  Dodge: Dodged            ||    38

Table legend: (Time is in decaauts)
 A = Elapsed time spent in this place.
 B = Non-inter-level travel time spent in this place.
 C = Inter-level travel time spent in this place.
 D = Time resting spent in this place.
 E = Time spent auto-exploring this place.
 F = Levels seen in this place.
 G = Mean time per level.
                   A        B        C        D        E       F      G
               +--------+--------+--------+--------+--------+-----+--------+
         Total |   1104 |   1076 |     28 |      0 |    899 |   2 |  552.0 |
       Dungeon |   1104 |   1076 |     28 |      0 |    899 |   2 |  552.0 |
               +--------+--------+--------+--------+--------+-----+--------+

Top non-repeatable levels by time:
     D:1: 950 daAuts
     D:2: 154 daAuts
